AoeStats
← Jote

Arabia

509916601Analyzed
1v1 RM · 3d ago on Sep 28, 2026· 51m 54s· 2 players
Game mode
Random Map
Map size
Tiny (2 player)
Population
200
Speed
Normal
Resources
Standard
Victory
Conquest
Starting age
Dark Age
Ending age
Imperial Age
RankedLock teamsTeams togetherTeam positionsShared explorationLock speedFull tech treeHidden civsTurbo modeCheats
Victory
Defeat
🇳🇴 Maya · Norway
1025
+15
🇮🇳 Franks · India
994
-15
Hawk Supertramp
7:43 Loom
10:04 Feudal Age
11:31 Double-Bit Axe
18:52 Castle Age
18:05 Forging
21:01 Bow Saw
21:19 Scale Barding Armor
21:45 Husbandry
25:00 Wheelbarrow
25:17 Town Watch
26:44 Hand Cart
32:27 Chain Barding Armor
32:48 Fletching
36:37 Imperial Age
33:59 Gold Mining
35:53 Scale Mail Armor
36:51 Iron Casting
37:30 Cavalier
39:47 Blast Furnace
39:15 Conscription
40:27 Plate Barding Armor
40:05 Elite Throwing Axeman
40:45 Bodkin Arrow
44:38 Paladin
48:52 Light Cavalry
Jote
0:34 Loom
10:10 Feudal Age
12:29 Double-Bit Axe
14:30 Horse Collar
15:56 Fletching
17:44 Padded Archer Armor
18:30 Wheelbarrow
22:52 Castle Age
21:09 Gold Mining
22:32 Town Watch
22:57 Crossbowman
23:53 Bodkin Arrow
24:36 Pikeman
27:09 Treadmill Crane
27:59 Ballistics
31:25 Bow Saw
33:39 Heavy Plow
35:44 Squires
36:06 Stone Mining
39:01 Imperial Age
37:31 Arson
39:17 Leather Archer Armor
39:05 Scale Mail Armor
39:16 Forging
38:27 Eagle Warrior
39:23 Town Patrol
40:04 Bracer
40:01 Arbalester
42:57 Chemistry
43:29 Thumb Ring
44:18 Hand Cart
46:46 Conscription
47:54 Halberdier
52:12 Iron Casting
51:53 Chain Mail Armor
Connection lost

Rejoining the realm…

Still unreachable

The connection could not be restored.

Session expired

The server has moved on; the page needs a fresh start.